[ PARTIDA AOE2 · #480149678 ]
UnrankedSicilianos vs Burgundians
[ ANÁLISIS DE REPETICIÓN · EXTRAÍDO DE LA PARTIDA GRABADA ]
Feudal
9:30
Castillos
24:47
Imperial
38:51
| APM promedio | 53.4 |
| APM pico | 125 |
| eAPM promedio | 34.3 |
| Aldeanos / militares | 321 / 224 |
Foco
⚔️ 46.7% · 🌾 53.3%
Fire Galley ×74 · Galley ×63 · Unknown (2626) ×46 · Serjeant ×38 · Trade Cart ×27 · Cannon Galleon ×25
Feudal
9:42
Castillos
24:29
Imperial
41:13
| APM promedio | 52.8 |
| APM pico | 109 |
| eAPM promedio | 27.7 |
| Aldeanos / militares | 191 / 211 |
Foco
⚔️ 44.2% · 🌾 55.8%
Knight ×87 · Unknown (2626) ×84 · Galley ×53 · Fire Galley ×46 · Trade Cart ×24 · Cannon Galleon ×13
Feudal
9:44
Castillos
26:55
Imperial
46:01
| APM promedio | 50.7 |
| APM pico | 85 |
| eAPM promedio | 30.8 |
| Aldeanos / militares | 202 / 372 |
Foco
⚔️ 53.8% · 🌾 46.2%
Militia ×227 · Knight ×71 · Camel Scout ×25 · Battering Ram ×16 · Scout Cavalry ×14 · Skirmisher ×12
Feudal
9:17
Castillos
29:37
Imperial
42:59
| APM promedio | 46.8 |
| APM pico | 82 |
| eAPM promedio | 20.9 |
| Aldeanos / militares | 156 / 260 |
Foco
⚔️ 36.7% · 🌾 63.3%
Skirmisher ×140 · Scout Cavalry ×31 · Knight ×29 · Hand Cannoneer ×28 · Monk ×16 · Battering Ram ×6
Feudal
9:36
Castillos
24:45
Imperial
43:20
| APM promedio | 82.9 |
| APM pico | 171 |
| eAPM promedio | 48.9 |
| Aldeanos / militares | 186 / 214 |
Foco
⚔️ 57.4% · 🌾 42.6%
Scout Cavalry ×156 · Unknown (1920) ×107 · Steppe Lancer ×55 · Trade Cart ×41 · Fishing Ship ×3 · Trebuchet (Packed) ×2
Feudal
10:06
Castillos
24:45
Imperial
54:47
| APM promedio | 56.5 |
| APM pico | 87 |
| eAPM promedio | 37.3 |
| Aldeanos / militares | 322 / 256 |
Foco
⚔️ 35.6% · 🌾 64.4%
Spearman ×126 · Militia ×75 · Archer ×44 · Fishing Ship ×4 · Scout Cavalry ×4 · Scorpion ×2
Feudal
9:18
Castillos
20:18
Imperial
35:17
| APM promedio | 53.6 |
| APM pico | 86 |
| eAPM promedio | 29.1 |
| Aldeanos / militares | 161 / 453 |
Foco
⚔️ 45.0% · 🌾 55.0%
Spearman ×123 · Archer ×122 · Battle Elephant ×120 · Skirmisher ×74 · Trade Cart ×10 · Trebuchet (Packed) ×6
Feudal
9:21
Castillos
26:56
Imperial
46:00
| APM promedio | 75.2 |
| APM pico | 117 |
| eAPM promedio | 37.6 |
| Aldeanos / militares | 198 / 141 |
Foco
⚔️ 22.8% · 🌾 77.2%
Unknown (1944) ×118 · Scout Cavalry ×79 · Spearman ×62 · Fishing Ship ×4
Mapa de la partida
Recursos iniciales + cada clic de construcción. Líneas = muros · curvas = relieve. ◆ oro · ⬟ piedra · ● bayas · ✦ reliquia · ◌ hueco del cierre
Tu base· ✓ Cerrada en 24:47 · 6t muro · frágil
Base de Paladin· ✓ Cerrada en 24:29 · 8t muro · frágil
Base de Saladin· ✓ Cerrada en 26:55 · 11t muro · frágil
Base de 种田小武松· ✓ Cerrada en 29:37 · 51t muro · frágil
Base de 东园寺· ✓ Cerrada en 24:45 · 3t muro · 1 puerta(s) · frágil
Base de Mai-Naicume· ✓ Cerrada en 24:45 · 21t muro · frágil
Base de 弟弟已经是彻底崩溃· Abierta — flanco sin cerrar
Base de 银背小猩猩· ✓ Cerrada en 26:56 · 16t muro · frágil
Terreno inicial suavizado · ◌ = hueco del cierre detectado · pasá el cursor para detalles
Inputs por minuto
— Mineer_Valus - - Paladin
Build order — Mineer_Valus
Primeras 150 de 949 acciones detectadas
| 0:01 | Crear | Villager (Male) ×4 |
| 0:03 | Construir | House |
| 0:05 | Construir | House |
| 0:06 | Construir | House |
| 1:31 | Crear | Villager (Male) |
| 1:32 | Crear | Villager (Male) |
| 1:32 | Crear | Villager (Male) |
| 1:32 | Crear | Villager (Male) |
| 1:54 | Crear | Villager (Male) |
| 1:54 | Crear | Villager (Male) |
| 1:57 | Construir | Lumber Camp |
| 2:32 | Crear | Villager (Male) |
| 2:32 | Crear | Villager (Male) |
| 2:33 | Crear | Villager (Male) |
| 2:54 | Crear | Villager (Male) |
| 2:55 | Crear | Villager (Male) |
| 2:55 | Crear | Villager (Male) |
| 2:55 | Crear | Villager (Male) |
| 2:55 | Crear | Villager (Male) |
| 3:20 | Crear | Villager (Male) |
| 3:20 | Crear | Villager (Male) |
| 3:46 | Crear | Villager (Male) |
| 3:46 | Crear | Villager (Male) |
| 3:46 | Crear | Villager (Male) |
| 3:46 | Crear | Villager (Male) |
| 4:10 | Crear | Villager (Male) |
| 4:10 | Crear | Villager (Male) |
| 4:10 | Crear | Villager (Male) |
| 4:33 | Construir | Dock |
| 4:35 | Crear | Villager (Male) |
| 4:52 | Construir | Palisade Wall |
| 4:53 | Construir | Palisade Wall |
| 5:02 | Crear | Villager (Male) |
| 5:02 | Crear | Villager (Male) |
| 5:02 | Crear | Villager (Male) |
| 5:02 | Crear | Villager (Male) |
| 5:16 | Crear | Fishing Ship |
| 5:29 | Crear | Villager (Male) |
| 5:41 | Construir | House |
| 5:47 | Crear | Villager (Male) |
| 5:52 | Investigar | Loom |
| 5:55 | Crear | Fishing Ship |
| 6:17 | Crear | Villager (Male) |
| 6:18 | Investigar | Loom |
| 6:38 | Crear | Fishing Ship |
| 7:20 | Investigar | Feudal Age |
| 7:20 | Investigar | Feudal Age |
| 7:40 | Construir | Lumber Camp |
| 8:01 | Construir | Palisade Wall |
| 8:03 | Construir | Palisade Wall |
| 8:15 | Crear | Villager (Male) |
| 8:29 | Construir | Palisade Wall |
| 8:31 | Construir | Palisade Wall |
| 8:34 | Construir | Dock |
| 8:40 | Construir | Mining Camp |
| 9:14 | Construir | Palisade Wall |
| 9:23 | Crear | Villager (Male) |
| 9:30 | Edad | Edad Feudal |
| 9:35 | Crear | Fire Galley |
| 9:36 | Crear | Fire Galley |
| 9:41 | Crear | Galley |
| 9:41 | Crear | Galley |
| 9:44 | Investigar | Double-Bit Axe |
| 9:45 | Crear | Galley |
| 9:50 | Construir | House |
| 10:09 | Crear | Villager (Male) |
| 10:14 | Construir | Dock |
| 10:19 | Crear | Galley |
| 10:24 | Crear | Villager (Male) |
| 10:45 | Crear | Galley |
| 10:46 | Crear | Villager (Male) |
| 10:52 | Construir | House |
| 11:13 | Crear | Galley |
| 11:13 | Crear | Galley |
| 11:13 | Crear | Galley |
| 11:45 | Crear | Galley |
| 11:45 | Crear | Galley |
| 11:45 | Crear | Galley |
| 11:47 | Crear | Villager (Male) |
| 11:49 | Construir | House |
| 11:53 | Crear | Villager (Male) |
| 11:58 | Construir | Blacksmith |
| 12:05 | Crear | Galley |
| 12:05 | Crear | Galley |
| 12:23 | Crear | Galley |
| 12:38 | Crear | Galley |
| 12:58 | Crear | Villager (Male) |
| 12:58 | Crear | Villager (Male) |
| 13:02 | Construir | Mill |
| 13:22 | Investigar | Fletching |
| 13:22 | Investigar | Fletching |
| 13:29 | Construir | House |
| 13:48 | Crear | Villager (Male) |
| 13:53 | Construir | House |
| 14:41 | Crear | Galley |
| 14:42 | Crear | Galley |
| 14:42 | Crear | Villager (Male) |
| 14:42 | Crear | Villager (Male) |
| 14:42 | Crear | Villager (Male) |
| 14:48 | Construir | Farm |
| 14:49 | Construir | Farm |
| 14:53 | Crear | Galley |
| 14:53 | Crear | Galley |
| 15:17 | Crear | Villager (Male) |
| 15:17 | Crear | Villager (Male) |
| 15:19 | Construir | Farm |
| 15:19 | Construir | Farm |
| 15:19 | Construir | Farm |
| 15:57 | Crear | Villager (Male) |
| 16:07 | Construir | Mill |
| 16:10 | Crear | Galley |
| 16:11 | Crear | Galley |
| 16:28 | Construir | Farm |
| 16:47 | Crear | Galley |
| 16:48 | Crear | Villager (Male) |
| 17:10 | Crear | Galley |
| 17:10 | Crear | Galley |
| 17:25 | Crear | Villager (Male) |
| 17:28 | Construir | House |
| 17:47 | Crear | Galley |
| 17:47 | Crear | Galley |
| 17:47 | Crear | Galley |
| 17:56 | Crear | Villager (Male) |
| 18:30 | Construir | Farm |
| 18:44 | Crear | Galley |
| 18:44 | Crear | Galley |
| 18:44 | Crear | Galley |
| 18:47 | Crear | Villager (Male) |
| 19:16 | Construir | Donjon |
| 19:47 | Crear | Villager (Male) |
| 20:15 | Investigar | Horse Collar |
| 20:19 | Investigar | Wheelbarrow |
| 21:39 | Construir | Market |
| 22:07 | Investigar | Castle Age |
| 22:07 | Investigar | Castle Age |
| 22:07 | Investigar | Castle Age |
| 22:08 | Investigar | Castle Age |
| 22:08 | Investigar | Castle Age |
| 22:40 | Crear | Unit 2626 |
| 22:40 | Crear | Unit 2626 |
| 22:41 | Crear | Unit 2626 |
| 22:41 | Crear | Unit 2626 |
| 24:47 | Edad | Edad de los Castillos |
| 24:49 | Crear | Villager (Male) |
| 24:51 | Construir | Town Center |
| 25:06 | Construir | Town Center |
| 25:08 | Investigar | Bow Saw |
| 25:09 | Crear | Villager (Male) |
| 25:19 | Crear | Villager (Male) |
| 25:19 | Crear | Villager (Male) |
Build order — Paladin
Primeras 150 de 615 acciones detectadas
| 0:00 | Crear | Villager (Male) ×4 |
| 0:02 | Construir | House |
| 0:06 | Construir | House |
| 1:30 | Crear | Villager (Male) |
| 1:44 | Construir | Lumber Camp |
| 1:51 | Crear | Villager (Male) |
| 1:51 | Crear | Villager (Male) |
| 2:26 | Crear | Villager (Male) |
| 2:49 | Crear | Villager (Male) |
| 3:12 | Crear | Villager (Male) |
| 3:29 | Construir | House |
| 3:35 | Crear | Villager (Male) |
| 4:05 | Crear | Villager (Male) |
| 4:17 | Construir | Dock |
| 4:30 | Crear | Villager (Male) |
| 4:47 | Crear | Villager (Male) |
| 4:53 | Crear | Fishing Ship |
| 5:17 | Construir | House |
| 5:20 | Crear | Villager (Male) |
| 5:36 | Crear | Fishing Ship |
| 5:39 | Crear | Villager (Male) |
| 5:40 | Crear | Villager (Male) |
| 6:16 | Crear | Fishing Ship |
| 6:16 | Crear | Fishing Ship |
| 6:19 | Crear | Villager (Male) |
| 6:19 | Crear | Villager (Male) |
| 6:40 | Construir | House |
| 6:59 | Investigar | Loom |
| 7:32 | Investigar | Feudal Age |
| 7:48 | Construir | Lumber Camp |
| 7:59 | Construir | House |
| 8:04 | Construir | Palisade Wall |
| 8:16 | Construir | Mining Camp |
| 8:45 | Investigar | Double-Bit Axe |
| 9:05 | Crear | Villager (Male) |
| 9:08 | Construir | Dock |
| 9:41 | Construir | Dock |
| 9:42 | Edad | Edad Feudal |
| 9:50 | Crear | Galley |
| 9:50 | Crear | Galley |
| 9:52 | Crear | Villager (Male) |
| 10:03 | Construir | Dock |
| 10:19 | Crear | Villager (Male) |
| 10:29 | Crear | Galley |
| 10:31 | Construir | House |
| 10:42 | Crear | Galley |
| 10:47 | Crear | Villager (Male) |
| 10:56 | Crear | Galley |
| 10:56 | Crear | Galley |
| 11:16 | Construir | House |
| 11:18 | Construir | Palisade Wall |
| 11:19 | Crear | Villager (Male) |
| 11:19 | Crear | Villager (Male) |
| 11:22 | Crear | Galley |
| 11:41 | Crear | Villager (Male) |
| 11:44 | Construir | Blacksmith |
| 11:58 | Crear | Galley |
| 11:59 | Crear | Galley |
| 12:10 | Crear | Villager (Male) |
| 12:11 | Crear | Villager (Male) |
| 12:17 | Crear | Galley |
| 12:18 | Crear | Galley |
| 12:32 | Crear | Villager (Male) |
| 12:33 | Crear | Galley |
| 12:33 | Crear | Galley |
| 12:47 | Investigar | Fletching |
| 12:59 | Crear | Villager (Male) |
| 12:59 | Crear | Villager (Male) |
| 13:07 | Crear | Galley |
| 13:08 | Crear | Galley |
| 13:27 | Construir | Mill |
| 13:30 | Crear | Galley |
| 13:30 | Crear | Villager (Male) |
| 13:31 | Crear | Villager (Male) |
| 13:44 | Crear | Galley |
| 13:44 | Crear | Galley |
| 14:13 | Crear | Galley |
| 14:13 | Crear | Galley |
| 14:17 | Construir | House |
| 14:21 | Construir | Farm |
| 14:41 | Crear | Galley |
| 14:53 | Crear | Villager (Male) |
| 15:15 | Crear | Galley |
| 15:15 | Crear | Galley |
| 15:16 | Crear | Villager (Male) |
| 15:34 | Crear | Galley |
| 15:55 | Crear | Galley |
| 15:55 | Crear | Galley |
| 15:57 | Crear | Villager (Male) |
| 15:58 | Construir | Farm |
| 15:59 | Construir | Farm |
| 16:10 | Construir | Farm |
| 16:20 | Construir | House |
| 16:23 | Investigar | Bow Saw |
| 16:23 | Investigar | Bow Saw |
| 16:33 | Crear | Fire Galley |
| 16:33 | Crear | Fire Galley |
| 16:39 | Construir | House |
| 16:55 | Crear | Villager (Male) |
| 17:05 | Crear | Villager (Male) |
| 17:13 | Crear | Villager (Male) |
| 17:15 | Construir | Farm |
| 17:17 | Construir | Farm |
| 17:19 | Construir | House |
| 17:20 | Construir | House |
| 17:26 | Crear | Villager (Male) |
| 17:31 | Crear | Galley |
| 17:31 | Crear | Galley |
| 17:37 | Crear | Fire Galley |
| 17:37 | Crear | Fire Galley |
| 17:42 | Investigar | Horse Collar |
| 17:42 | Investigar | Horse Collar |
| 17:47 | Crear | Fire Galley |
| 18:19 | Crear | Villager (Male) |
| 18:46 | Crear | Fire Galley |
| 18:46 | Crear | Fire Galley |
| 18:46 | Crear | Fire Galley |
| 18:47 | Crear | Villager (Male) |
| 18:56 | Crear | Villager (Male) |
| 19:18 | Crear | Villager (Male) |
| 19:20 | Construir | Farm |
| 19:25 | Construir | Lumber Camp |
| 19:41 | Construir | Market |
| 20:03 | Crear | Villager (Male) |
| 20:06 | Construir | Farm |
| 20:07 | Construir | Farm |
| 20:17 | Crear | Villager (Male) |
| 20:51 | Crear | Villager (Male) |
| 21:12 | Construir | Mining Camp |
| 21:24 | Crear | Villager (Male) |
| 21:47 | Investigar | Castle Age |
| 21:59 | Construir | Lumber Camp |
| 22:02 | Construir | Barracks |
| 22:28 | Investigar | Scale Barding Armor |
| 22:38 | Investigar | Gold Mining |
| 22:38 | Investigar | Gold Mining |
| 22:47 | Crear | Fishing Ship |
| 22:47 | Crear | Fishing Ship |
| 22:47 | Crear | Fishing Ship |
| 23:13 | Investigar | Horse Collar |
| 23:13 | Investigar | Horse Collar |
| 23:39 | Investigar | Forging |
| 23:54 | Construir | Stable |
| 23:55 | Construir | Stable |
| 24:16 | Crear | Villager (Male) |
| 24:24 | Construir | Stable |
| 24:29 | Edad | Edad de los Castillos |
| 24:31 | Crear | Transport Ship |
| 24:32 | Investigar | Tech 906 |
| 24:33 | Investigar | Tech 906 |
Build order — Saladin
Primeras 150 de 840 acciones detectadas
| 0:01 | Crear | Villager (Male) |
| 0:02 | Construir | House |
| 0:03 | Construir | House |
| 0:08 | Crear | Villager (Male) |
| 0:17 | Crear | Villager (Male) |
| 0:21 | Crear | Villager (Male) |
| 0:21 | Crear | Villager (Male) |
| 1:23 | Crear | Villager (Male) |
| 1:44 | Construir | Lumber Camp |
| 1:53 | Crear | Villager (Male) |
| 2:32 | Crear | Villager (Male) |
| 2:33 | Crear | Villager (Male) |
| 2:56 | Crear | Villager (Male) |
| 2:57 | Crear | Villager (Male) |
| 3:28 | Construir | Dock |
| 3:33 | Crear | Villager (Male) |
| 3:33 | Crear | Villager (Male) |
| 4:02 | Crear | Villager (Male) |
| 4:02 | Crear | Villager (Male) |
| 4:05 | Crear | Fishing Ship |
| 4:18 | Construir | House |
| 4:26 | Crear | Villager (Male) |
| 4:58 | Crear | Villager (Male) |
| 5:02 | Crear | Fishing Ship |
| 5:14 | Crear | Villager (Male) |
| 5:22 | Construir | House |
| 5:35 | Crear | Villager (Male) |
| 5:46 | Crear | Villager (Male) |
| 5:46 | Crear | Villager (Male) |
| 5:49 | Crear | Villager (Male) |
| 5:49 | Crear | Villager (Male) |
| 6:02 | Crear | Fishing Ship |
| 6:33 | Crear | Villager (Male) |
| 6:52 | Crear | Fishing Ship |
| 7:00 | Construir | House |
| 7:34 | Investigar | Feudal Age |
| 8:05 | Construir | House |
| 8:30 | Investigar | Loom |
| 9:03 | Construir | Barracks |
| 9:13 | Crear | Transport Ship |
| 9:24 | Crear | Villager (Male) |
| 9:44 | Edad | Edad Feudal |
| 9:50 | Construir | Stable |
| 9:53 | Crear | Villager (Male) |
| 9:54 | Investigar | Double-Bit Axe |
| 10:10 | Construir | Mill |
| 10:30 | Crear | Villager (Male) |
| 10:33 | Crear | Scout Cavalry |
| 10:34 | Crear | Villager (Male) |
| 10:41 | Crear | Scout Cavalry |
| 10:48 | Crear | Villager (Male) |
| 11:00 | Construir | Archery Range |
| 11:13 | Crear | Scout Cavalry |
| 11:14 | Crear | Villager (Male) |
| 11:32 | Construir | Blacksmith |
| 11:37 | Crear | Villager (Male) |
| 11:49 | Crear | Villager (Male) |
| 11:53 | Construir | Palisade Wall |
| 11:54 | Construir | Palisade Wall |
| 11:55 | Crear | Skirmisher |
| 12:03 | Construir | Farm |
| 12:04 | Construir | Farm |
| 12:05 | Construir | Farm |
| 12:08 | Crear | Scout Cavalry |
| 12:10 | Crear | Skirmisher |
| 12:19 | Construir | House |
| 12:23 | Construir | House |
| 12:27 | Crear | Skirmisher |
| 12:42 | Crear | Skirmisher |
| 13:03 | Investigar | Fletching |
| 13:04 | Crear | Villager (Male) |
| 13:07 | Construir | Palisade Wall |
| 13:08 | Construir | Palisade Wall |
| 13:11 | Construir | Farm |
| 13:12 | Construir | Farm |
| 13:14 | Construir | Farm |
| 13:15 | Construir | Farm |
| 13:22 | Crear | Scout Cavalry |
| 13:28 | Construir | House |
| 13:47 | Crear | Villager (Male) |
| 13:51 | Crear | Skirmisher |
| 13:52 | Crear | Scout Cavalry |
| 13:53 | Crear | Villager (Male) |
| 14:13 | Crear | Scout Cavalry |
| 14:14 | Crear | Skirmisher |
| 14:18 | Construir | House |
| 14:29 | Crear | Villager (Male) |
| 14:37 | Crear | Skirmisher |
| 14:52 | Crear | Skirmisher |
| 14:54 | Crear | Villager (Male) |
| 15:11 | Crear | Villager (Male) |
| 15:24 | Construir | Farm |
| 15:25 | Construir | Farm |
| 15:26 | Construir | Farm |
| 15:26 | Investigar | Horse Collar |
| 15:26 | Investigar | Horse Collar |
| 15:34 | Investigar | Padded Archer Armor |
| 15:34 | Investigar | Padded Archer Armor |
| 15:36 | Construir | Farm |
| 15:37 | Construir | Farm |
| 15:39 | Crear | Villager (Male) |
| 15:41 | Crear | Skirmisher |
| 15:43 | Crear | Villager (Male) |
| 15:48 | Construir | Mining Camp |
| 16:02 | Crear | Skirmisher |
| 16:12 | Crear | Villager (Male) |
| 16:29 | Crear | Villager (Male) |
| 16:33 | Crear | Villager (Male) |
| 16:35 | Crear | Villager (Male) |
| 16:42 | Crear | Villager (Male) |
| 16:50 | Construir | Watch Tower |
| 16:55 | Crear | Skirmisher |
| 17:19 | Construir | Palisade Wall |
| 17:20 | Construir | Palisade Wall |
| 17:22 | Construir | Palisade Wall |
| 17:29 | Construir | Palisade Wall |
| 17:34 | Crear | Villager (Male) |
| 17:45 | Construir | Lumber Camp |
| 17:46 | Crear | Scout Cavalry |
| 18:04 | Investigar | Scale Barding Armor |
| 18:11 | Crear | Villager (Male) |
| 18:34 | Crear | Villager (Male) |
| 18:42 | Crear | Scout Cavalry |
| 18:51 | Crear | Villager (Male) |
| 18:54 | Crear | Scout Cavalry |
| 18:56 | Crear | Villager (Male) |
| 19:01 | Investigar | Forging |
| 19:07 | Construir | House |
| 19:08 | Construir | House |
| 19:13 | Construir | Mill |
| 19:13 | Construir | Farm |
| 19:14 | Construir | Farm |
| 19:14 | Construir | Farm |
| 19:14 | Construir | Farm |
| 19:14 | Construir | Farm |
| 19:22 | Crear | Villager (Male) |
| 19:25 | Crear | Villager (Male) |
| 19:27 | Crear | Villager (Male) |
| 19:48 | Construir | House |
| 19:49 | Construir | House |
| 19:51 | Construir | House |
| 19:53 | Crear | Skirmisher |
| 19:54 | Crear | Scout Cavalry |
| 19:56 | Crear | Villager (Male) |
| 20:21 | Crear | Villager (Male) |
| 20:26 | Crear | Villager (Male) |
| 20:41 | Crear | Villager (Male) |
| 20:49 | Crear | Villager (Male) |
| 20:50 | Crear | Villager (Male) |
| 20:54 | Construir | House |
Build order — 种田小武松
Primeras 150 de 523 acciones detectadas
| 0:02 | Crear | Villager (Male) |
| 0:02 | Crear | Villager (Male) |
| 0:04 | Construir | House |
| 0:05 | Construir | House |
| 0:13 | Crear | Villager (Male) |
| 0:13 | Crear | Villager (Male) |
| 0:15 | Crear | Villager (Male) |
| 0:20 | Crear | Villager (Male) |
| 1:09 | Construir | Lumber Camp |
| 1:41 | Crear | Villager (Male) |
| 2:16 | Crear | Villager (Male) |
| 2:47 | Crear | Villager (Male) |
| 3:21 | Construir | Dock |
| 3:25 | Crear | Villager (Male) |
| 3:25 | Crear | Villager (Male) |
| 3:28 | Construir | House |
| 3:34 | Construir | Palisade Wall |
| 3:35 | Construir | Palisade Wall |
| 4:04 | Crear | Villager (Male) |
| 4:19 | Crear | Fishing Ship |
| 4:25 | Crear | Villager (Male) |
| 4:49 | Construir | House |
| 4:59 | Crear | Villager (Male) |
| 5:07 | Crear | Fishing Ship |
| 5:14 | Crear | Villager (Male) |
| 5:45 | Crear | Villager (Male) |
| 5:52 | Crear | Fishing Ship |
| 6:05 | Crear | Villager (Male) |
| 6:08 | Investigar | Loom |
| 7:06 | Investigar | Feudal Age |
| 7:32 | Crear | Villager (Male) |
| 7:51 | Construir | House |
| 8:12 | Construir | Barracks |
| 8:17 | Crear | Villager (Male) |
| 8:59 | Crear | Villager (Male) |
| 9:17 | Edad | Edad Feudal |
| 9:18 | Construir | Stable |
| 9:20 | Investigar | Double-Bit Axe |
| 9:42 | Crear | Villager (Male) |
| 9:45 | Construir | Mill |
| 9:49 | Crear | Villager (Male) |
| 9:58 | Crear | Unit 2626 |
| 10:06 | Construir | House |
| 10:07 | Crear | Scout Cavalry |
| 10:07 | Crear | Scout Cavalry |
| 10:11 | Crear | Villager (Male) |
| 10:30 | Construir | Mill |
| 10:36 | Crear | Scout Cavalry |
| 10:58 | Construir | Farm |
| 11:02 | Crear | Scout Cavalry |
| 11:08 | Construir | Stone Wall |
| 11:14 | Crear | Scout Cavalry |
| 11:18 | Crear | Villager (Male) |
| 11:25 | Construir | Blacksmith |
| 11:26 | Construir | House |
| 11:31 | Crear | Scout Cavalry |
| 11:34 | Crear | Villager (Male) |
| 11:50 | Crear | Villager (Male) |
| 12:01 | Crear | Villager (Male) |
| 12:19 | Construir | House |
| 12:30 | Crear | Scout Cavalry |
| 12:50 | Construir | Stone Wall |
| 12:52 | Crear | Villager (Male) |
| 12:53 | Crear | Scout Cavalry |
| 13:01 | Construir | House |
| 13:05 | Construir | House |
| 13:12 | Construir | Farm |
| 13:16 | Construir | Farm |
| 13:16 | Construir | Farm |
| 13:17 | Construir | Farm |
| 13:17 | Construir | Farm |
| 13:31 | Crear | Scout Cavalry |
| 13:33 | Crear | Spearman |
| 13:47 | Crear | Spearman |
| 13:55 | Crear | Villager (Male) |
| 14:00 | Construir | Stone Wall |
| 14:05 | Crear | Spearman |
| 14:28 | Investigar | Bloodlines |
| 14:49 | Crear | Villager (Male) |
| 14:56 | Construir | Stable |
| 15:03 | Construir | Farm |
| 15:05 | Investigar | Scale Barding Armor |
| 15:09 | Crear | Villager (Male) |
| 15:39 | Crear | Villager (Male) |
| 15:44 | Construir | Farm |
| 15:44 | Construir | Farm |
| 15:45 | Construir | Farm |
| 15:52 | Crear | Scout Cavalry |
| 15:59 | Crear | Villager (Male) |
| 16:22 | Construir | Farm |
| 16:22 | Construir | Farm |
| 16:23 | Crear | Villager (Male) |
| 16:37 | Crear | Villager (Male) |
| 16:42 | Construir | Mining Camp |
| 16:51 | Crear | Scout Cavalry |
| 17:06 | Construir | Outpost |
| 17:12 | Construir | Stone Wall |
| 17:17 | Crear | Scout Cavalry |
| 17:17 | Crear | Scout Cavalry |
| 17:18 | Crear | Villager (Male) |
| 17:27 | Construir | Farm |
| 17:31 | Construir | Farm |
| 17:54 | Construir | House |
| 17:57 | Crear | Scout Cavalry |
| 17:57 | Crear | Scout Cavalry |
| 17:57 | Crear | Villager (Male) |
| 18:02 | Construir | House |
| 18:08 | Construir | Farm |
| 18:52 | Crear | Villager (Male) |
| 18:53 | Crear | Scout Cavalry |
| 18:54 | Crear | Scout Cavalry |
| 19:04 | Crear | Scout Cavalry |
| 19:10 | Construir | Stone Wall |
| 19:11 | Construir | Stone Wall |
| 19:18 | Construir | Stone Wall |
| 19:20 | Crear | Scout Cavalry |
| 19:20 | Crear | Scout Cavalry |
| 19:22 | Crear | Villager (Male) |
| 19:27 | Construir | Lumber Camp |
| 19:29 | Construir | Farm |
| 19:29 | Construir | Farm |
| 19:31 | Crear | Scout Cavalry |
| 19:38 | Construir | House |
| 19:40 | Crear | Villager (Male) |
| 19:52 | Crear | Scout Cavalry |
| 20:04 | Construir | Watch Tower |
| 20:26 | Investigar | Forging |
| 20:31 | Crear | Villager (Male) |
| 20:32 | Crear | Scout Cavalry |
| 20:47 | Crear | Scout Cavalry |
| 20:55 | Crear | Scout Cavalry |
| 20:56 | Crear | Villager (Male) |
| 21:00 | Construir | Stone Wall |
| 21:08 | Construir | Farm |
| 21:09 | Construir | Farm |
| 21:09 | Construir | Farm |
| 21:10 | Crear | Villager (Male) |
| 21:20 | Construir | Stone Wall |
| 21:27 | Crear | Fire Galley |
| 21:30 | Crear | Demolition Raft |
| 21:34 | Crear | Scout Cavalry |
| 21:35 | Crear | Scout Cavalry |
| 21:51 | Construir | House |
| 21:53 | Construir | House |
| 21:57 | Crear | Scout Cavalry |
| 22:08 | Crear | Villager (Male) |
| 22:12 | Crear | Trade Cog |
| 22:39 | Crear | Villager (Male) |
| 22:59 | Crear | Villager (Male) |
| 23:07 | Construir | Watch Tower |
Build order — 东园寺
Primeras 150 de 745 acciones detectadas
| 0:01 | Crear | Villager (Male) |
| 0:01 | Crear | Villager (Male) |
| 0:02 | Crear | Villager (Male) |
| 0:02 | Crear | Villager (Male) |
| 0:03 | Construir | House |
| 0:04 | Construir | House |
| 1:25 | Crear | Villager (Male) |
| 1:26 | Crear | Villager (Male) |
| 1:55 | Crear | Villager (Male) |
| 1:56 | Crear | Villager (Male) |
| 2:10 | Construir | Lumber Camp |
| 2:25 | Crear | Villager (Male) |
| 2:56 | Crear | Villager (Male) |
| 2:56 | Crear | Villager (Male) |
| 3:20 | Crear | Villager (Male) |
| 3:21 | Crear | Villager (Male) |
| 3:40 | Construir | House |
| 3:47 | Crear | Villager (Male) |
| 3:47 | Crear | Villager (Male) |
| 4:08 | Construir | Dock |
| 4:14 | Crear | Villager (Male) |
| 4:14 | Crear | Villager (Male) |
| 4:34 | Crear | Villager (Male) |
| 4:56 | Crear | Villager (Male) |
| 4:57 | Crear | Villager (Male) |
| 5:07 | Crear | Fishing Ship |
| 5:17 | Crear | Villager (Male) |
| 5:44 | Crear | Villager (Male) |
| 5:45 | Crear | Villager (Male) |
| 5:52 | Crear | Fishing Ship |
| 5:59 | Construir | House |
| 6:03 | Construir | House |
| 6:07 | Investigar | Loom |
| 6:22 | Crear | Villager (Male) |
| 6:43 | Crear | Villager (Male) |
| 6:51 | Crear | Fishing Ship |
| 7:26 | Investigar | Feudal Age |
| 7:27 | Investigar | Feudal Age |
| 7:55 | Construir | Lumber Camp |
| 8:32 | Crear | Villager (Male) |
| 8:44 | Construir | House |
| 8:50 | Construir | Palisade Wall |
| 8:53 | Construir | Palisade Wall |
| 9:17 | Construir | Barracks |
| 9:18 | Construir | Palisade Wall |
| 9:36 | Edad | Edad Feudal |
| 9:39 | Investigar | Double-Bit Axe |
| 9:50 | Crear | Villager (Male) |
| 9:56 | Construir | House |
| 10:05 | Construir | Stable |
| 10:18 | Crear | Villager (Male) |
| 10:42 | Construir | House |
| 10:47 | Crear | Villager (Male) |
| 11:02 | Construir | House |
| 11:12 | Construir | Palisade Gate |
| 11:20 | Construir | Mill |
| 11:21 | Crear | Villager (Male) |
| 11:26 | Crear | Scout Cavalry |
| 11:36 | Crear | Villager (Male) |
| 11:39 | Construir | House |
| 11:44 | Crear | Villager (Male) |
| 11:46 | Crear | Scout Cavalry |
| 12:06 | Construir | Pasture |
| 12:09 | Construir | Pasture |
| 12:11 | Investigar | Tech 1014 |
| 12:12 | Crear | Scout Cavalry |
| 12:24 | Construir | House |
| 12:30 | Construir | Pasture |
| 12:31 | Crear | Villager (Male) |
| 12:37 | Crear | Scout Cavalry |
| 12:54 | Construir | Pasture |
| 12:55 | Crear | Villager (Male) |
| 13:09 | Crear | Villager (Male) |
| 13:16 | Crear | Scout Cavalry |
| 13:23 | Construir | Pasture |
| 13:39 | Crear | Scout Cavalry |
| 13:56 | Crear | Villager (Male) |
| 14:01 | Crear | Scout Cavalry |
| 14:14 | Crear | Villager (Male) |
| 14:16 | Construir | Blacksmith |
| 14:21 | Crear | Scout Cavalry |
| 14:29 | Crear | Villager (Male) |
| 14:39 | Construir | Stable |
| 15:01 | Investigar | Forging |
| 15:03 | Crear | Scout Cavalry |
| 15:03 | Crear | Scout Cavalry |
| 15:04 | Crear | Villager (Male) |
| 15:12 | Construir | Pasture |
| 15:17 | Crear | Scout Cavalry |
| 15:33 | Crear | Scout Cavalry |
| 15:33 | Crear | Scout Cavalry |
| 15:47 | Crear | Villager (Male) |
| 15:49 | Crear | Scout Cavalry |
| 15:50 | Crear | Scout Cavalry |
| 15:55 | Investigar | Scale Barding Armor |
| 16:01 | Crear | Villager (Male) |
| 16:02 | Crear | Villager (Male) |
| 16:13 | Crear | Scout Cavalry |
| 16:13 | Crear | Scout Cavalry |
| 16:15 | Crear | Villager (Male) |
| 16:26 | Construir | Pasture |
| 16:28 | Construir | Pasture |
| 16:32 | Crear | Scout Cavalry |
| 16:32 | Crear | Scout Cavalry |
| 16:45 | Crear | Villager (Male) |
| 16:46 | Crear | Scout Cavalry |
| 16:46 | Crear | Scout Cavalry |
| 16:50 | Construir | Pasture |
| 17:00 | Crear | Scout Cavalry |
| 17:00 | Crear | Scout Cavalry |
| 17:04 | Construir | Pasture |
| 17:11 | Construir | Pasture |
| 17:17 | Crear | Scout Cavalry |
| 17:20 | Crear | Villager (Male) |
| 17:31 | Crear | Scout Cavalry |
| 17:48 | Crear | Scout Cavalry |
| 17:49 | Crear | Scout Cavalry |
| 17:55 | Crear | Villager (Male) |
| 18:07 | Construir | House |
| 18:08 | Construir | House |
| 18:15 | Investigar | Wheelbarrow |
| 18:30 | Crear | Scout Cavalry |
| 18:30 | Crear | Scout Cavalry |
| 18:30 | Crear | Scout Cavalry |
| 18:34 | Crear | Scout Cavalry |
| 18:34 | Crear | Scout Cavalry |
| 18:37 | Crear | Scout Cavalry |
| 18:37 | Crear | Scout Cavalry |
| 18:38 | Crear | Villager (Male) |
| 18:55 | Crear | Scout Cavalry |
| 18:58 | Crear | Scout Cavalry |
| 18:58 | Crear | Scout Cavalry |
| 19:03 | Construir | Pasture |
| 19:04 | Construir | Pasture |
| 19:36 | Crear | Scout Cavalry |
| 19:36 | Crear | Scout Cavalry |
| 19:54 | Crear | Villager (Male) |
| 19:59 | Construir | Stable |
| 20:18 | Crear | Scout Cavalry |
| 20:18 | Crear | Scout Cavalry |
| 20:20 | Crear | Villager (Male) |
| 20:24 | Construir | Mining Camp |
| 20:34 | Crear | Scout Cavalry |
| 20:34 | Crear | Scout Cavalry |
| 20:40 | Construir | House |
| 20:41 | Crear | Scout Cavalry |
| 20:42 | Crear | Scout Cavalry |
| 20:42 | Crear | Villager (Male) |
| 20:42 | Crear | Villager (Male) |
| 21:40 | Crear | Villager (Male) |
Build order — Mai-Naicume
Primeras 150 de 884 acciones detectadas
| 0:00 | Crear | Villager (Male) |
| 0:01 | Crear | Villager (Male) |
| 0:02 | Construir | House |
| 0:03 | Construir | House |
| 0:05 | Crear | Villager (Male) |
| 0:11 | Crear | Villager (Male) |
| 1:25 | Crear | Villager (Male) |
| 1:25 | Crear | Villager (Male) |
| 1:29 | Construir | Lumber Camp |
| 1:49 | Crear | Villager (Male) |
| 1:49 | Crear | Villager (Male) |
| 2:23 | Crear | Villager (Male) |
| 2:23 | Crear | Villager (Male) |
| 2:51 | Crear | Villager (Male) |
| 2:51 | Crear | Villager (Male) |
| 3:09 | Crear | Villager (Male) |
| 3:10 | Crear | Villager (Male) |
| 3:27 | Construir | House |
| 3:42 | Crear | Villager (Male) |
| 4:10 | Crear | Villager (Male) |
| 4:11 | Crear | Villager (Male) |
| 4:21 | Construir | Dock |
| 4:36 | Investigar | Loom |
| 4:58 | Crear | Fishing Ship |
| 5:00 | Crear | Villager (Male) |
| 5:08 | Construir | House |
| 5:13 | Crear | Villager (Male) |
| 5:14 | Crear | Fishing Ship |
| 5:39 | Crear | Villager (Male) |
| 5:47 | Crear | Villager (Male) |
| 5:48 | Crear | Villager (Male) |
| 5:59 | Crear | Fishing Ship |
| 6:32 | Construir | House |
| 6:41 | Crear | Villager (Male) |
| 7:01 | Crear | Villager (Male) |
| 7:12 | Crear | Fishing Ship |
| 7:53 | Investigar | Feudal Age |
| 7:53 | Investigar | Feudal Age |
| 7:53 | Investigar | Feudal Age |
| 8:39 | Crear | Villager (Male) |
| 8:39 | Crear | Villager (Male) |
| 8:57 | Construir | Mill |
| 9:05 | Construir | Barracks |
| 9:10 | Construir | Barracks |
| 9:29 | Crear | Villager (Male) |
| 10:03 | Construir | House |
| 10:06 | Edad | Edad Feudal |
| 10:12 | Crear | Spearman |
| 10:14 | Investigar | Double-Bit Axe |
| 10:21 | Construir | Palisade Wall |
| 10:22 | Construir | Palisade Wall |
| 10:37 | Construir | Archery Range |
| 10:43 | Crear | Villager (Male) |
| 10:53 | Crear | Spearman |
| 11:06 | Construir | House |
| 11:10 | Crear | Spearman |
| 11:13 | Crear | Villager (Male) |
| 11:20 | Construir | Mining Camp |
| 11:32 | Crear | Villager (Male) |
| 11:45 | Construir | Archery Range |
| 11:46 | Crear | Archer |
| 11:50 | Crear | Villager (Male) |
| 11:52 | Investigar | Horse Collar |
| 12:04 | Crear | Spearman |
| 12:07 | Crear | Villager (Male) |
| 12:13 | Construir | House |
| 12:29 | Crear | Villager (Male) |
| 12:33 | Crear | Archer |
| 12:33 | Crear | Archer |
| 12:39 | Construir | Blacksmith |
| 12:49 | Crear | Villager (Male) |
| 13:06 | Crear | Archer |
| 13:10 | Construir | Stone Wall |
| 13:13 | Crear | Villager (Male) |
| 13:15 | Construir | Farm |
| 13:18 | Construir | Farm |
| 13:22 | Crear | Archer |
| 13:46 | Crear | Villager (Male) |
| 13:48 | Construir | Farm |
| 13:48 | Construir | Farm |
| 13:57 | Investigar | Fletching |
| 13:58 | Crear | Archer |
| 13:58 | Crear | Archer |
| 14:06 | Crear | Villager (Male) |
| 14:08 | Construir | Farm |
| 14:11 | Construir | Farm |
| 14:12 | Construir | House |
| 14:20 | Crear | Archer |
| 14:40 | Crear | Archer |
| 14:41 | Crear | Villager (Male) |
| 14:42 | Construir | Farm |
| 14:50 | Construir | Farm |
| 14:52 | Crear | Archer |
| 15:11 | Crear | Archer |
| 15:12 | Crear | Villager (Male) |
| 15:19 | Construir | House |
| 15:34 | Construir | House |
| 15:46 | Construir | Stone Wall |
| 15:49 | Construir | Stone Wall |
| 15:53 | Crear | Spearman |
| 15:58 | Crear | Spearman |
| 16:00 | Crear | Villager (Male) |
| 16:02 | Construir | Farm |
| 16:04 | Construir | Farm |
| 16:11 | Crear | Villager (Male) |
| 16:32 | Construir | Farm |
| 16:36 | Crear | Spearman |
| 16:51 | Crear | Spearman |
| 17:19 | Crear | Villager (Male) |
| 17:20 | Crear | Villager (Male) |
| 17:22 | Crear | Spearman |
| 17:33 | Construir | Stable |
| 17:37 | Construir | Watch Tower |
| 17:43 | Crear | Villager (Male) |
| 18:01 | Crear | Archer |
| 18:01 | Crear | Archer |
| 18:16 | Crear | Villager (Male) |
| 18:52 | Crear | Scout Cavalry |
| 18:54 | Crear | Scout Cavalry |
| 19:06 | Crear | Villager (Male) |
| 19:06 | Crear | Villager (Male) |
| 19:16 | Construir | Farm |
| 19:33 | Crear | Archer |
| 19:33 | Crear | Archer |
| 19:34 | Crear | Archer |
| 19:36 | Crear | Villager (Male) |
| 19:55 | Construir | Stone Wall |
| 20:11 | Crear | Scout Cavalry |
| 20:18 | Crear | Archer |
| 20:19 | Crear | Archer |
| 20:21 | Crear | Villager (Male) |
| 20:21 | Crear | Villager (Male) |
| 20:26 | Crear | Scout Cavalry |
| 20:35 | Crear | Villager (Male) |
| 20:39 | Construir | Farm |
| 20:41 | Construir | Lumber Camp |
| 20:52 | Crear | Villager (Male) |
| 20:54 | Construir | Market |
| 21:13 | Crear | Villager (Male) |
| 21:37 | Construir | Stone Wall |
| 21:52 | Crear | Archer |
| 21:53 | Crear | Archer |
| 22:05 | Investigar | Castle Age |
| 22:05 | Investigar | Castle Age |
| 22:07 | Crear | Archer |
| 22:19 | Crear | Villager (Male) |
| 22:23 | Construir | Mining Camp |
| 22:27 | Crear | Archer |
| 22:36 | Crear | Archer |
| 22:44 | Investigar | Padded Archer Armor |
Build order — 弟弟已经是彻底崩溃
Primeras 150 de 621 acciones detectadas
| 0:01 | Crear | Villager (Male) ×4 |
| 0:01 | Crear | Villager (Male) ×4 |
| 0:02 | Construir | House |
| 0:03 | Construir | House |
| 1:26 | Crear | Villager (Male) |
| 1:48 | Crear | Villager (Male) |
| 1:52 | Construir | Lumber Camp |
| 2:05 | Crear | Villager (Male) |
| 2:24 | Crear | Villager (Male) |
| 2:24 | Crear | Villager (Male) |
| 3:02 | Crear | Villager (Male) |
| 3:20 | Crear | Villager (Male) |
| 3:41 | Crear | Villager (Male) |
| 4:03 | Construir | House |
| 4:23 | Construir | Dock |
| 4:29 | Crear | Villager (Male) |
| 4:54 | Construir | House |
| 4:59 | Crear | Villager (Male) |
| 5:08 | Crear | Fishing Ship |
| 5:23 | Crear | Villager (Male) |
| 5:32 | Crear | Villager (Male) |
| 5:45 | Crear | Villager (Male) |
| 5:58 | Crear | Fishing Ship |
| 6:06 | Crear | Villager (Male) |
| 6:25 | Crear | Villager (Male) |
| 6:45 | Crear | Fishing Ship |
| 7:01 | Crear | Villager (Male) |
| 7:18 | Investigar | Loom |
| 7:48 | Investigar | Feudal Age |
| 7:56 | Construir | Mining Camp |
| 8:35 | Construir | House |
| 8:56 | Construir | House |
| 8:58 | Construir | Palisade Wall |
| 9:01 | Construir | Palisade Wall |
| 9:02 | Construir | Palisade Wall |
| 9:03 | Construir | Palisade Wall |
| 9:10 | Crear | Villager (Male) |
| 9:10 | Crear | Villager (Male) |
| 9:18 | Edad | Edad Feudal |
| 9:37 | Construir | Barracks |
| 9:43 | Crear | Villager (Male) |
| 9:56 | Crear | Villager (Male) |
| 10:15 | Crear | Villager (Male) |
| 10:20 | Construir | House |
| 10:21 | Crear | Spearman |
| 10:28 | Construir | Palisade Wall |
| 10:32 | Construir | Palisade Wall |
| 10:34 | Construir | Palisade Wall |
| 10:35 | Construir | Palisade Wall |
| 10:44 | Crear | Villager (Male) |
| 10:58 | Construir | House |
| 11:03 | Construir | Archery Range |
| 11:12 | Crear | Villager (Male) |
| 11:15 | Construir | Mill |
| 11:20 | Investigar | Double-Bit Axe |
| 11:21 | Investigar | Double-Bit Axe |
| 11:47 | Construir | Archery Range |
| 11:56 | Crear | Villager (Male) |
| 12:03 | Crear | Spearman |
| 12:08 | Crear | Archer |
| 12:13 | Crear | Villager (Male) |
| 12:15 | Construir | House |
| 12:16 | Construir | House |
| 12:24 | Crear | Archer |
| 12:38 | Construir | House |
| 12:39 | Crear | Archer |
| 12:41 | Crear | Archer |
| 12:41 | Crear | Villager (Male) |
| 13:00 | Crear | Villager (Male) |
| 13:03 | Construir | House |
| 13:04 | Crear | Archer |
| 13:14 | Crear | Villager (Male) |
| 13:16 | Construir | Farm |
| 13:29 | Construir | House |
| 13:39 | Crear | Archer |
| 14:04 | Crear | Archer |
| 14:08 | Construir | Blacksmith |
| 14:23 | Crear | Archer |
| 14:23 | Crear | Archer |
| 14:27 | Crear | Villager (Male) |
| 14:28 | Crear | Villager (Male) |
| 14:29 | Construir | Farm |
| 14:29 | Construir | Farm |
| 14:29 | Construir | Farm |
| 14:34 | Crear | Archer |
| 14:51 | Crear | Archer |
| 14:54 | Investigar | Fletching |
| 14:54 | Investigar | Fletching |
| 14:54 | Crear | Villager (Male) |
| 14:56 | Construir | House |
| 14:57 | Crear | Archer |
| 14:57 | Crear | Archer |
| 14:59 | Crear | Villager (Male) |
| 15:12 | Construir | House |
| 15:16 | Crear | Archer |
| 15:23 | Crear | Spearman |
| 15:30 | Crear | Archer |
| 15:42 | Crear | Archer |
| 15:42 | Crear | Archer |
| 16:15 | Crear | Spearman |
| 16:15 | Crear | Spearman |
| 16:18 | Crear | Villager (Male) |
| 16:24 | Crear | Archer |
| 16:25 | Crear | Spearman |
| 16:26 | Crear | Villager (Male) |
| 16:27 | Construir | Farm |
| 16:29 | Construir | Farm |
| 16:29 | Construir | Farm |
| 16:52 | Crear | Villager (Male) |
| 16:54 | Construir | House |
| 16:56 | Construir | House |
| 17:03 | Crear | Archer |
| 17:23 | Crear | Spearman |
| 17:39 | Construir | Lumber Camp |
| 17:47 | Crear | Archer |
| 17:59 | Crear | Spearman |
| 18:04 | Crear | Villager (Male) |
| 18:42 | Investigar | Castle Age |
| 18:42 | Investigar | Castle Age |
| 18:43 | Crear | Archer ×5 |
| 19:07 | Crear | Archer |
| 19:08 | Crear | Archer |
| 19:20 | Crear | Archer |
| 19:20 | Crear | Archer |
| 19:21 | Crear | Villager (Male) |
| 19:25 | Investigar | Horse Collar |
| 19:31 | Construir | Lumber Camp |
| 19:38 | Crear | Archer |
| 19:38 | Crear | Archer |
| 19:47 | Crear | Villager (Male) |
| 20:18 | Edad | Edad de los Castillos |
| 20:24 | Investigar | Crossbowman (upgrade) |
| 20:38 | Construir | Farm |
| 20:38 | Construir | Farm |
| 20:38 | Construir | Farm |
| 20:38 | Construir | Farm |
| 20:58 | Investigar | Bodkin Arrow |
| 20:59 | Investigar | Bodkin Arrow |
| 21:00 | Crear | Archer ×4 |
| 21:12 | Construir | University |
| 21:25 | Crear | Villager (Male) |
| 21:34 | Construir | Town Center |
| 21:51 | Crear | Villager (Male) |
| 21:54 | Crear | Villager (Male) |
| 21:55 | Crear | Archer |
| 21:55 | Crear | Archer |
| 22:06 | Crear | Archer |
| 22:13 | Crear | Archer |
| 22:13 | Crear | Archer |
| 22:15 | Crear | Villager (Male) |
Build order — 银背小猩猩
Primeras 150 de 647 acciones detectadas
| 0:00 | Crear | Villager (Male) |
| 0:01 | Crear | Villager (Male) |
| 0:02 | Construir | House |
| 0:04 | Construir | House |
| 0:21 | Crear | Villager (Male) |
| 0:21 | Crear | Villager (Male) |
| 1:32 | Crear | Villager (Male) |
| 1:32 | Crear | Villager (Male) |
| 1:46 | Crear | Villager (Male) |
| 2:18 | Construir | Lumber Camp |
| 2:22 | Crear | Villager (Male) |
| 2:22 | Crear | Villager (Male) |
| 3:06 | Crear | Villager (Male) |
| 3:06 | Crear | Villager (Male) |
| 3:28 | Construir | House |
| 3:35 | Construir | House |
| 3:40 | Crear | Villager (Male) |
| 3:40 | Crear | Villager (Male) |
| 4:05 | Crear | Villager (Male) |
| 4:05 | Crear | Villager (Male) |
| 4:20 | Construir | Dock |
| 4:24 | Crear | Villager (Male) |
| 4:38 | Construir | Palisade Wall |
| 4:41 | Construir | Palisade Wall |
| 4:42 | Construir | Palisade Wall |
| 4:50 | Crear | Villager (Male) |
| 4:51 | Crear | Villager (Male) |
| 5:06 | Crear | Fishing Ship |
| 5:10 | Crear | Villager (Male) |
| 5:35 | Construir | House |
| 5:38 | Construir | Palisade Wall |
| 5:40 | Crear | Villager (Male) |
| 6:00 | Crear | Villager (Male) |
| 6:05 | Crear | Fishing Ship |
| 6:19 | Construir | Palisade Wall |
| 6:21 | Construir | Palisade Wall |
| 6:40 | Investigar | Loom |
| 6:45 | Construir | Palisade Wall |
| 6:57 | Crear | Fishing Ship |
| 7:11 | Investigar | Feudal Age |
| 7:51 | Crear | Fishing Ship |
| 8:33 | Construir | Barracks |
| 8:51 | Crear | Villager (Male) |
| 9:21 | Edad | Edad Feudal |
| 9:24 | Construir | Stable |
| 9:32 | Crear | Villager (Male) |
| 9:36 | Investigar | Double-Bit Axe |
| 9:54 | Construir | House |
| 10:04 | Crear | Scout Cavalry |
| 10:04 | Crear | Scout Cavalry |
| 10:05 | Crear | Scout Cavalry |
| 10:05 | Crear | Villager (Male) |
| 10:20 | Construir | Mill |
| 10:34 | Construir | Blacksmith |
| 10:42 | Crear | Villager (Male) |
| 10:43 | Crear | Villager (Male) |
| 10:47 | Construir | House |
| 10:49 | Crear | Villager (Male) |
| 11:03 | Crear | Villager (Male) |
| 11:06 | Construir | Mill |
| 11:07 | Crear | Villager (Male) |
| 11:31 | Construir | Farm |
| 11:32 | Construir | Farm |
| 11:33 | Construir | Farm |
| 11:42 | Crear | Scout Cavalry |
| 11:47 | Construir | House |
| 11:57 | Construir | Farm |
| 12:03 | Crear | Scout Cavalry |
| 12:16 | Investigar | Forging |
| 12:25 | Crear | Scout Cavalry |
| 12:39 | Construir | Stable |
| 12:43 | Crear | Villager (Male) |
| 13:00 | Crear | Villager (Male) |
| 13:02 | Construir | House |
| 13:09 | Crear | Scout Cavalry |
| 13:12 | Construir | House |
| 13:32 | Crear | Scout Cavalry |
| 13:32 | Crear | Scout Cavalry |
| 13:41 | Construir | Farm |
| 13:42 | Construir | House |
| 13:49 | Crear | Scout Cavalry |
| 13:54 | Crear | Villager (Male) |
| 13:54 | Crear | Villager (Male) |
| 14:18 | Crear | Scout Cavalry |
| 14:18 | Crear | Scout Cavalry |
| 14:46 | Crear | Scout Cavalry |
| 14:46 | Crear | Scout Cavalry |
| 14:48 | Crear | Villager (Male) |
| 14:50 | Construir | Farm |
| 14:56 | Construir | Farm |
| 14:57 | Construir | Farm |
| 14:57 | Crear | Villager (Male) |
| 15:13 | Crear | Villager (Male) |
| 15:15 | Construir | Farm |
| 15:25 | Crear | Scout Cavalry |
| 15:26 | Crear | Scout Cavalry |
| 15:47 | Crear | Scout Cavalry |
| 15:47 | Crear | Scout Cavalry |
| 15:53 | Construir | Mining Camp |
| 16:03 | Construir | Mining Camp |
| 16:05 | Crear | Scout Cavalry |
| 16:05 | Crear | Scout Cavalry |
| 16:14 | Crear | Scout Cavalry |
| 16:15 | Crear | Scout Cavalry |
| 16:21 | Construir | Farm |
| 16:22 | Construir | Farm |
| 16:37 | Crear | Villager (Male) |
| 16:40 | Construir | Farm |
| 16:45 | Crear | Scout Cavalry |
| 16:45 | Crear | Scout Cavalry |
| 16:53 | Construir | Lumber Camp |
| 16:57 | Investigar | Scale Barding Armor |
| 17:04 | Construir | Mining Camp |
| 17:12 | Crear | Scout Cavalry |
| 17:12 | Crear | Scout Cavalry |
| 17:21 | Crear | Villager (Male) |
| 17:34 | Investigar | Horse Collar |
| 17:47 | Crear | Scout Cavalry |
| 17:47 | Crear | Scout Cavalry |
| 18:01 | Crear | Scout Cavalry |
| 18:02 | Crear | Scout Cavalry |
| 18:13 | Construir | House |
| 18:15 | Construir | Farm |
| 18:24 | Crear | Scout Cavalry |
| 18:25 | Crear | Scout Cavalry |
| 18:40 | Crear | Villager (Male) |
| 18:43 | Construir | Farm |
| 18:43 | Construir | Farm |
| 18:43 | Construir | Farm |
| 18:43 | Construir | Farm |
| 18:52 | Crear | Scout Cavalry |
| 18:52 | Crear | Scout Cavalry |
| 19:02 | Crear | Spearman |
| 19:03 | Crear | Spearman |
| 19:08 | Crear | Villager (Male) |
| 19:12 | Construir | Farm |
| 19:38 | Crear | Scout Cavalry |
| 19:40 | Crear | Villager (Male) |
| 19:45 | Construir | Farm |
| 19:50 | Construir | Farm |
| 20:05 | Investigar | Bloodlines |
| 20:22 | Crear | Scout Cavalry |
| 20:23 | Crear | Scout Cavalry |
| 20:30 | Construir | Farm |
| 20:31 | Construir | Farm |
| 20:32 | Crear | Villager (Male) |
| 20:33 | Construir | Farm |
| 20:56 | Construir | Farm |
| 20:56 | Construir | Farm |
| 21:00 | Investigar | Wheelbarrow |
Cronología de la partida
| 3:21 | 种田小武松 · first_building Dock |
| 3:28 | Saladin · first_building Dock |
| 3:34 | 种田小武松 · wall_segment Palisade Wall x1 |
| 3:35 | 种田小武松 · wall_segment Palisade Wall x1 |
| 4:08 | 东园寺 · first_building Dock |
| 4:17 | Paladin · first_building Dock |
| 4:20 | 银背小猩猩 · first_building Dock |
| 4:21 | Mai-Naicume · first_building Dock |
| 4:23 | 弟弟已经是彻底崩溃 · first_building Dock |
| 4:33 | Mineer_Valus · first_building Dock |
| 4:38 | 银背小猩猩 · wall_segment Palisade Wall x1 |
| 4:41 | 银背小猩猩 · wall_segment Palisade Wall x1 |
| 4:42 | 银背小猩猩 · wall_segment Palisade Wall x1 |
| 4:52 | Mineer_Valus · wall_segment Palisade Wall x1 |
| 4:53 | Mineer_Valus · wall_segment Palisade Wall x1 |
| 5:38 | 银背小猩猩 · wall_segment Palisade Wall x2 |
| 6:19 | 银背小猩猩 · wall_segment Palisade Wall x5 |
| 6:21 | 银背小猩猩 · wall_segment Palisade Wall x5 |
| 6:45 | 银背小猩猩 · wall_segment Palisade Wall x3 |
| 8:01 | Mineer_Valus · wall_segment Palisade Wall x1 |
| 8:03 | Mineer_Valus · wall_segment Palisade Wall x1 |
| 8:04 | Paladin · wall_segment Palisade Wall x5 |
| 8:12 | 种田小武松 · first_building Barracks |
| 8:29 | Mineer_Valus · wall_segment Palisade Wall x1 |
| 8:31 | Mineer_Valus · wall_segment Palisade Wall x1 |
| 8:33 | 银背小猩猩 · first_building Barracks |
| 8:50 | 东园寺 · wall_segment Palisade Wall x1 |
| 8:53 | 东园寺 · wall_segment Palisade Wall x1 |
| 8:58 | 弟弟已经是彻底崩溃 · wall_segment Palisade Wall x1 |
| 9:01 | 弟弟已经是彻底崩溃 · wall_segment Palisade Wall x1 |
| 9:02 | 弟弟已经是彻底崩溃 · wall_segment Palisade Wall x1 |
| 9:03 | 弟弟已经是彻底崩溃 · wall_segment Palisade Wall x1 |
| 9:03 | Saladin · first_building Barracks |
| 9:05 | Mai-Naicume · first_building Barracks |
| 9:14 | Mineer_Valus · wall_segment Palisade Wall x2 |
| 9:17 | 种田小武松 · age_up feudal |
| 9:17 | 东园寺 · first_building Barracks |
| 9:18 | 弟弟已经是彻底崩溃 · age_up feudal |
| 9:18 | 东园寺 · wall_segment Palisade Wall x1 |
| 9:18 | 种田小武松 · first_building Stable |
| 9:21 | 银背小猩猩 · age_up feudal |
| 9:24 | 银背小猩猩 · first_building Stable |
| 9:30 | Mineer_Valus · age_up feudal |
| 9:36 | 东园寺 · age_up feudal |
| 9:37 | 弟弟已经是彻底崩溃 · first_building Barracks |
| 9:42 | Paladin · age_up feudal |
| 9:44 | Saladin · age_up feudal |
| 9:50 | Saladin · first_building Stable |
| 10:05 | 东园寺 · first_building Stable |
| 10:06 | Mai-Naicume · age_up feudal |
| 10:21 | Mai-Naicume · wall_segment Palisade Wall x1 |
| 10:22 | Mai-Naicume · wall_segment Palisade Wall x1 |
| 10:28 | 弟弟已经是彻底崩溃 · wall_segment Palisade Wall x1 |
| 10:32 | 弟弟已经是彻底崩溃 · wall_segment Palisade Wall x1 |
| 10:34 | 弟弟已经是彻底崩溃 · wall_segment Palisade Wall x1 |
| 10:35 | 弟弟已经是彻底崩溃 · wall_segment Palisade Wall x1 |
| 10:37 | Mai-Naicume · first_building Archery Range |
| 11:00 | Saladin · first_building Archery Range |
| 11:03 | 弟弟已经是彻底崩溃 · first_building Archery Range |
| 11:08 | 种田小武松 · wall_segment Stone Wall x7 |
| 11:18 | Paladin · wall_segment Palisade Wall x3 |
| 11:53 | Saladin · wall_segment Palisade Wall x1 |
| 11:54 | Saladin · wall_segment Palisade Wall x2 |
| 12:50 | 种田小武松 · wall_segment Stone Wall x16 |
| 13:07 | Saladin · wall_segment Palisade Wall x1 |
| 13:08 | Saladin · wall_segment Palisade Wall x3 |
| 13:10 | Mai-Naicume · wall_segment Stone Wall x12 |
| 14:00 | 种田小武松 · wall_segment Stone Wall x5 |
| 15:46 | Mai-Naicume · wall_segment Stone Wall x2 |
| 15:49 | Mai-Naicume · wall_segment Stone Wall x3 |
| 17:12 | 种田小武松 · wall_segment Stone Wall x8 |
| 17:19 | Saladin · wall_segment Palisade Wall x1 |
| 17:20 | Saladin · wall_segment Palisade Wall x1 |
| 17:22 | Saladin · wall_segment Palisade Wall x3 |
| 17:29 | Saladin · wall_segment Palisade Wall x1 |
| 17:33 | Mai-Naicume · first_building Stable |
| 19:10 | 种田小武松 · wall_segment Stone Wall x1 |
| 19:11 | 种田小武松 · wall_segment Stone Wall x1 |
| 19:16 | Mineer_Valus · first_building Donjon |
| 19:18 | 种田小武松 · wall_segment Stone Wall x5 |
| 19:55 | Mai-Naicume · wall_segment Stone Wall x1 |
| 20:18 | 弟弟已经是彻底崩溃 · age_up castle |
| 21:00 | 种田小武松 · wall_segment Stone Wall x2 |
| 21:20 | 种田小武松 · wall_segment Stone Wall x4 |
| 21:27 | Paladin · first_market_sell 100 wood |
| 21:28 | Paladin · first_market_buy 100 food |
| 21:37 | Mai-Naicume · wall_segment Stone Wall x1 |
| 22:01 | Mai-Naicume · first_market_buy 100 food |
| 22:02 | Paladin · first_building Barracks |
| 23:22 | 银背小猩猩 · first_market_buy 100 food |
| 23:27 | Mineer_Valus · first_market_buy 100 stone |
| 23:40 | 银背小猩猩 · first_market_sell 100 wood |
| 23:54 | Paladin · first_building Stable |
| 24:29 | Paladin · age_up castle |
| 24:45 | 东园寺 · age_up castle |
| 24:45 | Mai-Naicume · age_up castle |
| 24:47 | Mineer_Valus · age_up castle |
| 24:51 | Mai-Naicume · first_market_sell 100 wood |
| 25:00 | Mai-Naicume · first_building Siege Workshop |
| 26:17 | Saladin · first_market_buy 100 wood |
| 26:55 | Saladin · age_up castle |
| 26:56 | 银背小猩猩 · age_up castle |
| 28:18 | Saladin · first_market_sell 100 food |
| 29:37 | 种田小武松 · age_up castle |
| 30:31 | Saladin · first_building Monastery |
| 31:08 | 东园寺 · first_market_buy 100 stone |
| 31:36 | Mai-Naicume · wall_segment Stone Wall x1 |
| 31:37 | 种田小武松 · first_building Siege Workshop |
| 32:02 | Mai-Naicume · wall_segment Stone Wall x1 |
| 32:07 | 弟弟已经是彻底崩溃 · first_market_buy 100 stone |
| 32:12 | 弟弟已经是彻底崩溃 · first_building Castle |
| 34:02 | 种田小武松 · first_building Monastery |
| 34:13 | Saladin · first_building Siege Workshop |
| 34:51 | 弟弟已经是彻底崩溃 · wall_segment Stone Wall x1 |
| 34:55 | Mineer_Valus · first_market_sell 100 stone |
| 35:00 | Mineer_Valus · first_building Castle |
| 35:12 | Mai-Naicume · wall_segment Stone Wall x1 |
| 35:13 | Mai-Naicume · wall_segment Stone Wall x1 |
| 35:17 | 弟弟已经是彻底崩溃 · age_up imperial |
| 35:20 | Mineer_Valus · first_building Monastery |
| 36:01 | 银背小猩猩 · first_building Castle |
| 36:32 | 弟弟已经是彻底崩溃 · first_market_sell 100 wood |
| 36:50 | Paladin · first_building Monastery |
| 37:45 | 东园寺 · first_building Castle |
| 38:49 | Mai-Naicume · wall_segment Stone Wall x3 |
| 38:51 | Mineer_Valus · age_up imperial |
| 39:09 | Paladin · first_building Castle |
| 40:09 | Mai-Naicume · wall_segment Stone Wall x1 |
| 40:11 | Mai-Naicume · wall_segment Stone Wall x1 |
| 41:13 | Paladin · age_up imperial |
| 42:59 | 种田小武松 · age_up imperial |
| 43:20 | 东园寺 · age_up imperial |
| 43:38 | 弟弟已经是彻底崩溃 · first_building Monastery |
| 45:05 | 种田小武松 · first_building Archery Range |
| 45:41 | 东园寺 · first_market_sell 100 wood |
| 46:00 | 银背小猩猩 · age_up imperial |
| 46:01 | Saladin · age_up imperial |
| 46:21 | Saladin · first_building Castle |
| 47:03 | Mai-Naicume · first_building Castle |
| 48:09 | 种田小武松 · wall_segment Stone Wall x1 |
| 48:26 | Mai-Naicume · wall_segment Stone Wall x24 |
| 48:48 | 种田小武松 · first_market_buy 100 stone |
| 48:53 | Mai-Naicume · wall_segment Stone Wall x7 |
| 48:54 | 种田小武松 · first_building Castle |
| 49:05 | Mai-Naicume · wall_segment Stone Wall x14 |
| 49:34 | 弟弟已经是彻底崩溃 · first_building Stable |
| 50:02 | Mai-Naicume · wall_segment Stone Wall x1 |
| 50:24 | 东园寺 · first_building Siege Workshop |
| 51:23 | 银背小猩猩 · first_building Siege Workshop |
| 51:25 | Mineer_Valus · first_building Barracks |
| 52:09 | Mai-Naicume · wall_segment Stone Wall x1 |
| 54:47 | Mai-Naicume · age_up imperial |
| 59:43 | 银背小猩猩 · resign |
[ ANÁLISIS IA · 1 CRÉDITO ]
¿Qué pasó realmente en esta partida?
Wolo.gg analiza cada decisión: build order, eco, micro, errores típicos por bracket. Análisis personalizado por WhatsApp o Discord en 30 segundos.
Guía civ
Sicilianos
Perfil
Mineer_Valus